General information
- name: BNet
- type: Ladder 1vs1/FFA
- host: Battle.net
- saver: duessues
map: Wetlands
- players: 2
- length: 23:44
- speed: Fast
- version: 1.21 W3XP
- replay type: Public
» download(80 KB)
Players
team 1 (winner)
duessues (
yellow | 134 APM | 3185 actions | 23:44)
5 Death Knight
3 Death Coil
2 Unholy Aura
4 Lich
2 Frost Nova
2 Dark Ritual
» actions
| Assign group hotkey | 20 | |
| Basic commands | 119 | |
| Build / train | 54 | |
| ESC pressed | 7 | |
| Enter build submenu | 20 | |
| Enter hero's abilities submenu | 9 | |
| Give item / drop item | 6 | |
| Right click | 1526 | |
| Select / deselect | 257 | |
| Select group hotkey | 1050 | |
| Use ability | 117 | |
3185 total
» units
| Acolyte | 2 | |
| Ghoul | 4 | |
| Crypt Fiend | 12 | |
| Obsidian Statue | 1 | |
| Frost Wyrm | 4 | |
23 total
» upgrades
| Burrow | 1 | |
| Creature Attack | 3 | |
| Web | 1 | |
| Creature Carapace | 2 | |
7 total
» buildings
| Crypt | 1 | |
| Graveyard | 1 | |
| Ziggurat | 6 | |
| Altar of Darkness | 1 | |
| Tomb of Relics | 3 | |
| Halls of the Dead | 1 | |
| Black Citadel | 1 | |
| Sacrificial Pit | 1 | |
| Slaughterhouse | 1 | |
| Boneyard | 2 | |
18 total
» build order
00:16 Crypt
00:28 Graveyard
00:38 Ziggurat
00:57 Altar of Darkness
01:25 Ziggurat
02:53 Tomb of Relics
02:58 Tomb of Relics
03:02 Tomb of Relics
03:26 Ziggurat
04:22 Halls of the Dead
05:47 Ziggurat
12:03 Black Citadel
12:05 Sacrificial Pit
12:56 Slaughterhouse
15:01 Boneyard
15:06 Boneyard
15:29 Ziggurat
17:26 Ziggurat
» items
| Potion of Mana | 4 | |
| Scroll of Town Portal | 2 | |
| Sacrificial Skull | 1 | |
| Potion of Healing | 2 | |
| Rod of Necromancy | 1 | |
| Orb of Corruption | 1 | |
11 total
team 2 (loser)

»
Pom (
red | 47 APM | 1103 actions | 23:41)
4 Mountain King
1 Thunder Clap
2 Storm Bolt
1 Bash
4 Paladin
2 Holy Light
1 Devotion Aura
1 Divine Shield
» actions
| Build / train | 79 | |
| Enter build submenu | 21 | |
| Enter hero's abilities submenu | 8 | |
| Remove unit from queue | 1 | |
| Right click | 460 | |
| Select / deselect | 429 | |
| Use ability | 105 | |
1103 total
» units
| Peasant | 10 | |
| Rifleman | 13 | |
| Sorceress | 4 | |
| Priest | 6 | |
| Mortar Team | 2 | |
| Flying Machine | 1 | |
| Siege Engine | 2 | |
38 total
» upgrades
| Masonry | 1 | |
| Armor | 3 | |
| Gunpowder | 2 | |
| Long Rifles | 1 | |
| Priest Training | 2 | |
| Barrage | 1 | |
| Lumber Harvesting | 1 | |
11 total
» buildings
| Lumber Mill | 1 | |
| Altar of Kings | 1 | |
| Farm | 8 | |
| Barracks | 1 | |
| Blacksmith | 1 | |
| Arcane Vault | 1 | |
| Keep | 1 | |
| Scout Tower | 2 | |
| Guard Tower | 1 | |
| Arcane Sanctum | 1 | |
| Arcane Tower | 1 | |
| Workshop | 2 | |
| Castle | 1 | |
| Town Hall | 1 | |
23 total
» build order
00:11 Lumber Mill
00:39 Altar of Kings
00:51 Farm
01:06 Barracks
01:33 Blacksmith
01:51 Farm
02:20 Arcane Vault
02:30 Farm
03:22 Keep
04:32 Scout Tower
05:22 Guard Tower
06:52 Farm
06:56 Arcane Sanctum
07:39 Farm
08:03 Scout Tower
08:24 Farm
08:48 Arcane Tower
11:49 Workshop
11:53 Workshop
14:43 Farm
15:18 Castle
15:20 Farm
18:50 Town Hall
» items
| Lesser Clarity Potion | 7 | |
| Scroll of Regeneration | 3 | |
| Potion of Mana | 2 | |
| Potion of Healing | 3 | |
15 total
Chat log
(23:15 / All) duessues: Gg